 Dungeon Crawl Stone Soup version 0.30.0-5-g1a98f26d00 (webtiles) character file.

Game seed: 10642525720156392117

1319 jimonade the Magician (level 8, -8/58 HPs)
             Began as a Djinni Fire Elementalist on May 9, 2023.
             Shot with an arrow by a centaur (18 damage)
             ... on level 5 of the Dungeon.
             The game lasted 00:12:37 (4169 turns).

jimonade the Magician (Djinni Fire Elementalist)    Turns: 4169, Time: 00:12:37

Health: -8/58      AC:  4    Str:  7    XL:     8   Next: 90%
Gold:   213        EV: 12    Int: 19    God:
                   SH:  0    Dex: 14

rFire   + + .        a - +1 dagger (elec)
rCold   x . .        (no shield)
rNeg    . . .        y - +2 robe {Will+}
rPois   ∞            (no helmet)
rElec   .            (no cloak)
rCorr   .            (no gloves)
SInv    .            (boots unavailable)
Will    +....        (no amulet)
Stlth   ++           (no ring)
HPRegen 0.29/turn    (no ring)
MPRegen 0.00/turn

%: infuse magic (-9 HP)
@: flying
A: sickness immunity, fire resistance 2, cold vulnerability 1, float, innate
caster, HP casting, extra vitality 1
a: no special abilities


You were on level 5 of the Dungeon.
You visited 1 branch of the dungeon, and saw 5 of its levels.
You also visited: Sewer.

You collected 343 gold pieces.
You spent 130 gold pieces at shops.

Inventory:

Hand Weapons
 a - a +1 dagger of electrocution (weapon)
 g - a +0 spear
 t - a +0 sling
 u - a +0 dagger
 x - a +1 whip of flaming
Armour
 h - a +0 leather armour
 n - a +0 ring mail
 p - a +1 robe of positive energy
 y - a +2 robe of willpower (worn)
Scrolls
 b - a scroll of blinking
 c - a scroll of enchant weapon {unknown}
 j - 6 scrolls of teleportation
 k - a scroll of brand weapon {unknown}
 l - a scroll of noise {unknown}
 m - 5 scrolls of fear
 r - 2 scrolls of identify
 v - a scroll of vulnerability {unknown}
 z - a scroll of magic mapping
Potions
 d - a potion of resistance
 e - a potion of might {unknown}
 f - 2 potions of brilliance
 i - 6 potions of heal wounds
 o - a potion of magic {unknown}
 q - a potion of cancellation {unknown}
 s - a potion of curing {unknown}
 w - a potion of mutation


   Skills:
 * Level 4.0 Fighting
 + Level 2.6 Dodging
 - Level 1.5 Stealth
 + Level 7.4 Spellcasting


You knew the following spells:

 Your Spells              Type           Power      Damage    Failure   Level
a - Foxfire               Conj/Fire      100%       2x1d9     1%          1
b - Scorch                Fire           70%        2d7       1%          2
c - Volatile Blastmotes   Fire/Tloc      70%        2d15      1%          3
d - Inner Flame           Hex/Fire       35%        N/A       1%          3
e - Flame Wave            Conj/Fire      35%        2d10      4%          4
f - Beastly Appendage     Tmut           70%        N/A       1%          1
g - Ensorcelled Hibernat  Hex/Ice        70%        N/A       1%          2
h - Static Discharge      Conj/Air       70%        2-5/arc   1%          2
Your spell library was empty.

Dungeon Overview and Level Annotations

Branches:
Dungeon (5/15)              Sewer (visited)
 Temple: D:4-7

Altars:
Uskayaw

Shops:
D:3 (?*


Innate Abilities, Weirdness & Mutations

You are immune to sickness and miasma.
You are immune to poison.
Your flesh is very heat resistant. (rF++)
You are vulnerable to cold. (rC-)
You float through the air rather than walking.
You learn spells naturally, not from books.
Your magical power is your life essence.
You have superior vitality. (+4 MHP)


Message History

The foxfire hits the orc.
The orc is heavily wounded.
You conjure some foxfire!
The foxfire hits the orc!
You kill the orc!
Your foxfire dissipates!
Your foxfire dissipates! x2
An orc comes into view. It is wielding a +0 club.
You conjure some foxfire!
The orc shouts!
You conjure some foxfire!
The foxfire hits the orc but does no damage.
The foxfire hits the orc!
You kill the orc!
Your foxfire dissipates! x2
A white imp comes into view.
You conjure some foxfire!
The white imp shouts, "Get thee gone, thou quaking rump-fed cross-patch!"
You conjure some foxfire!
The foxfire hits the white imp!
The white imp is burned terribly!
You kill the white imp!
Your Fighting skill increases to level 4!
Your foxfire dissipates!
An orc comes into view. It is wielding a +0 short sword.
You conjure some foxfire!
The orc shouts!
You hear a shout!
You conjure some foxfire!
The foxfire hits the orc.
The orc is almost dead.
The foxfire hits the orc.
You kill the orc!
Your foxfire dissipates! x2
A centaur comes into view.
The centaur shouts!
The centaur wields a +1 shortbow of electrocution.
You hear the crackle of electricity.
The centaur shoots an arrow.
The arrow barely misses you.
You conjure some foxfire!
The centaur shoots an arrow.
The arrow hits you!
You are electrocuted!!
The centaur shoots an arrow.
The arrow hits you!
* * * LOW HITPOINT WARNING * * *
You are electrocuted!!
You die...

**,,**,*** ***,,,,,,..**
*,,,,,,,,...*** #####
*,,,,,,,,#...,*##...##
,,,<,,,,*#...###.....# ###
**,,,,,,,......##...######.####
*,,,,,,**#......##.....##.....##
,,*,,****#......#......##......#
,***** *.......@.............#*
**,*** *......vv.............#
*,,,,****...#.............)...#
,,*,,,,,*c...........#..)##†).#
,****,,,,,#..........#)#....)##*
,* *,,,,..............####..).#
,*****,.....###......#.#**###..#
,,,,**##...##........#.#.*,**.##*
,*,,*,#...#*#.............,,,..,*


You could see a centaur (ally target).

Vanquished Creatures
  Pikel (D:4)
  An ice beast (D:5)
  A sky beast (D:4)
  A black bear (D:4)
  An ogre (D:4)
  2 lemures (D:4)
  A scorpion (D:5)
  A jelly (D:4)
  2 iguanas
  An orc wizard (D:3)
  A sickly merfolk siren (Sewer)
  A malarious merfolk avatar (Sewer)
  A gnoll (D:1)
  9 adders
  3 river rats
  A white imp (D:5)
  7 worms
  6 dart slugs
  10 orcs
  9 endoplasms
  7 giant cockroaches
  10 goblins
  8 hobgoblins
  4 jackals (D:1)
  8 quokkas
  12 ball pythons
  9 bats
  12 frilled lizards
  6 kobolds
  34 rats
170 creatures vanquished.

Vanquished Creatures (others)
  283 foxfires
283 creatures vanquished.

Grand Total: 453 creatures vanquished

Notes
Turn   | Place    | Note
-------+----------+-------------------------------------------
     0 | D:1      | jimonade the Djinni Fire Elementalist began the quest for
                  | the Orb.
     0 | D:1      | jimonade set off with the following spells memorised:
                  | Foxfire, Scorch, Volatile Blastmotes, Inner Flame, Flame
                  | Wave.
     0 | D:1      | Reached XP level 1. HP: 15/15 MP: 0/0
    84 | D:1      | Reached XP level 2. HP: 20/21 MP: 0/0
   201 | D:1      | Reached skill level 3 in Spellcasting
   201 | D:1      | Reached XP level 3. HP: 18/25 MP: 0/0
   201 | D:1      | Learned a level 1 spell: Beastly Appendage
   560 | D:1      | Reached XP level 4. HP: 30/31 MP: 0/0
  1225 | D:2      | Found a faded altar of an unknown god.
  1225 | D:2      | Noticed an ice devil
  1331 | D:2      | Reached skill level 4 in Spellcasting
  1622 | D:3      | Found Gujeupsi's Magic Scroll Boutique.
  1625 | D:3      | Bought a scroll of teleportation for 39 gold pieces
  1625 | D:3      | Bought a scroll of identify for 26 gold pieces
  1625 | D:3      | Bought a scroll of identify for 26 gold pieces
  1625 | D:3      | Bought a scroll of teleportation for 39 gold pieces
  1635 | D:3      | Reached XP level 5. HP: 33/35 MP: 0/0
  1635 | D:3      | Learned a level 2 spell: Ensorcelled Hibernation
  1659 | D:3      | Found Rutureimo's Antique Weapon Shop.
  1673 | D:3      | Found a transporter.
  2250 | D:3      | Found a transporter.
  2250 | D:3      | Found Curul Fot's General Store.
  2339 | D:4      | Noticed an ogre
  2342 | D:4      | Killed an ogre
  2343 | D:4      | Reached skill level 1 in Fighting
  2343 | D:4      | Reached XP level 6. HP: 36/42 MP: 0/0
  2506 | D:4      | Reached skill level 5 in Spellcasting
  2635 | D:4      | Noticed a sky beast
  2639 | D:4      | Killed a sky beast
  2640 | D:4      | Reached XP level 7. HP: 39/49 MP: 0/0
  2640 | D:4      | Learned a level 2 spell: Static Discharge
  2685 | D:4      | Found a hide-covered altar of Uskayaw.
  2998 | D:4      | Noticed Pikel
  3033 | D:4      | Killed Pikel
  3034 | D:4      | Reached skill level 6 in Spellcasting
  3034 | D:4      | Reached XP level 8. HP: 18/56 MP: 0/0
  3334 | D:5      | Entered Level 5 of the Dungeon
  3398 | D:5      | Found a glowing drain.
  3425 | Sewer    | Entered a sewer
  3630 | Sewer    | Reached skill level 7 in Spellcasting
  4169 | D:5      | Shot with an arrow by a centaur

Illustrated notes

Levels and vault maps discovered:
D:1:      minmay_arrival_radiant_lines, layout_rooms, minmay_hexomino_f4
D:2:      minmay_wonky_spiral, layout_basic,
          dreamdust_ecumenical_altar_sealed_demon
D:3:      layout_rooms, serial_shops, nicolae_shop_drivethru, shop,
          nicolae_shop_tiny_real_fake_doors
D:4:      layout_loops_ring, nicolae_uskayaw_murder_on_the_dancefloor,
          serial_glass, glass_columns_c, glass_columns_c,
          minmay_strange_pillars, uniq_pikel
D:5:      layout_cave_pools, gup_sewer_entry_spiral, kennysheep_path_1,
          uniq_duvessa

Skill      XL: |  1  2  3  4  5  6  7  8 |
---------------+-------------------------+-----
Spellcasting   | 3 4 5 6 7 |  7.4
Fighting       | 1 2 3 4 |  4.0
Dodging        | |  2.6
Stealth        | |  1.5

Action                     |  1- 3 |  4- 6 |  7- 9 || total
---------------------------+-------+-------+-------++-------
  Melee: Dagger            |       |     6 |     2 ||     8
   Cast: Foxfire           |    55 |    67 |    58 ||   180
         Scorch            |     5 |    48 |    68 ||   121
         Inner Flame       |       |       |     2 ||     2
    Use: Scroll            |       |     4 |     3 ||     7
 Armour: Robe              |     4 |     6 |     5 ||    15
  Dodge: Dodged            |     7 |    21 |    13 ||    41
